 Dungeon Crawl Stone Soup version 0.30-a0-847-g17996783a1 (webtiles) character file.

Game seed: 17391373771026364875

7630 Darius099 the Severer (level 10, -4/77 HPs)
             Began as a Minotaur Fighter on Mar 4, 2023.
             Was a Priest of Okawaru.
             Slain by a killer bee (6 damage)
             ... on level 8 of the Dungeon.
             The game lasted 00:22:43 (7311 turns).

Darius099 the Severer (Minotaur Fighter)            Turns: 7311, Time: 00:22:43

Health: -4/77      AC: 21    Str: 24    XL:     10   Next: 98%
Magic:  1/12       EV:  3    Int:  5    God:    Okawaru [***...]
Gold:   421        SH:  9    Dex: 11    Spells: 9/9 levels left

rFire   . . .      SeeInvis .    B - +4 war axe
rCold   . . .      Faith    .    c - +0 buckler
rNeg    . . .      Spirit   .    D - +0 plate armour
rPois   +          Reflect  +    (helmet restricted)
rElec   .          Rampage  +    C - +2 cloak
rCorr   .                        x - +2 pair of gloves {infuse}
Will    .....                    r - +2 pair of boots {rampage} Stlth
                                 j - amulet of reflection
HPRegen 0.32/turn                z - ring of poison resistance
MPRegen 0.13/turn                (no ring)

@: grasped by roots, constricted
A: horns 2, retaliatory headbutt
a: Renounce Religion, Heroism


You were on level 8 of the Dungeon.
You worshipped Okawaru.
Okawaru was most pleased with you.
You visited 2 branches of the dungeon, and saw 9 of its levels.

You collected 421 gold pieces.

Inventory:

Hand Weapons
 y - a +0 broad axe
 B - a +4 war axe (weapon)
Missiles
 e - 63 stones (quivered)
 h - 10 poisoned darts
Armour
 c - a +0 buckler (worn)
 r - a +2 pair of boots of rampaging (worn)
 x - a +2 pair of gloves of infusion (worn)
 C - a +2 cloak (worn)
 D - a +0 plate armour (worn)
Jewellery
 j - an amulet of reflection (around neck)
 z - a ring of poison resistance (left hand)
Wands
 p - a wand of flame (31)
 s - a wand of quicksilver (12)
 v - a wand of polymorph (10)
 G - a wand of paralysis (9)
Scrolls
 g - 5 scrolls of teleportation
 n - 2 scrolls of amnesia
Potions
 d - 4 potions of might
 f - 3 potions of attraction
 i - 4 potions of curing
 m - 2 potions of mutation
 o - 2 potions of ambrosia
 u - a potion of invisibility {unknown}
 A - a potion of cancellation {unknown}
 E - a potion of haste {unknown}
Miscellaneous
 F - a piece from Xom's chessboard (15/15)


   Skills:
 - Level 3.6 Fighting
 - Level 18.0 Axes
 + Level 4.7 Throwing
 - Level 3.6 Armour
 - Level 3.6 Shields
 + Level 4.7 Invocations


You had 9 spell levels left.
You didn't know any spells.
Your spell library contained the following spells:

 Spells                   Type           Power      Damage    Failure   Level
 Necrotise                Necr           0%         1d4       100%        1
 Spider Form              Tmut/Pois      0%         N/A       100%        3
 Petrify                  Tmut/Erth      0%         N/A       100%        4
 Sticky Flame             Conj/Fire      0%         2d3       100%        4
 Storm Form               Tmut/Air       0%         N/A       100%        7
 Maxwell's Capacitive Co  Air            0%         ∞         100%        8
 Chain Lightning          Conj/Air       0%         N/A       100%        9
 Summon Ice Beast         Ice/Summ       Unusable   N/A       N/A         4
 Summon Lightning Spire   Summ/Air       Unusable   N/A       N/A         4

Dungeon Overview and Level Annotations

Branches:
Dungeon (8/15)             Temple (1/1) D:6
   Lair: D:8-11

Altars:
Elyvilon
Gozag
Hepliaklqana
Okawaru
Xom
Yredelemnul
Zin
The Shining One

Annotations:
D:8 Amaemon


Innate Abilities, Weirdness & Mutations

You have a pair of horns on your head.
You reflexively headbutt those who attack you in melee.


Message History

You block the killer bee's attack.
You barely miss Amaemon. You headbutt Amaemon!
Amaemon is lightly wounded.
You barely miss the orc. You slash the killer bee! You hit the killer bee.
You feel sick. You block the killer bee's attack. The killer bee stings you.
* * * LOW HITPOINT WARNING * * *
You block the orc's attack.
The killer bee stings you but does no damage. x2
Amaemon closely misses you. Amaemon claws you.
* * * LOW HITPOINT WARNING * * *
You block Amaemon's attack.
You feel better.
You feel like a meek peon again. The killer bee closely misses you.
You furiously retaliate!
You headbutt the killer bee. You block the killer bee's attack.
The killer bee barely misses you. You block the killer bee's attack.
The orc hits you but does no damage.
Amaemon zaps a wand.
The roots erupt in riotous growth!
The grasping roots grab you!
The orc is unaffected.
The killer bee is unaffected. x2
Amaemon is unaffected.
The orc is unaffected.
The grasping roots constrict you!
* * * LOW HITPOINT WARNING * * *
The killer bee barely misses you. You furiously retaliate!
You headbutt the killer bee!
You kill the killer bee!
Okawaru accepts your kill.
The killer bee stings you but does no damage.
As you read the scroll of fear, it crumbles to dust.
You assume a fearsome visage.
Amaemon looks frightened!
The scorpion looks frightened!
The killer bee looks frightened! x2
The orc looks frightened!
The orc wizard looks frightened!
The orc looks frightened!
You feel yourself speed up. The grasping roots constrict you.
* * * LOW HITPOINT WARNING * * *
The orc wizard casts a spell.
The orc wizard flickers and vanishes!
Deactivating autopickup; reactivate with Ctrl-A.
The killer bee stings you.
You die...

.....##......$.....
......./......6.... #
....?............. ..
........... ..4..# .##
.......... #....#....
......o.o## .........
..........####........
#..y..y@.6.../.......
#.....†##..........#.
#..#.{...4.........#
#..y.s4[y.≈≈.≈≈......
#........#≈#+#≈......
+..........§# ≈......
##.........≈# ≈......
#.#.......≈≈ ≈......
#.#...#.#....


You could see Amaemon (fleeing), an orange demon, a scorpion (summoned,
fleeing), 3 killer bees and 2 orcs.

Vanquished Creatures
  Gastronok (D:8)
  Pikel (D:4)
  An ugly thing (D:7)
  A cyclops (D:7)
  A manticore (D:7)
  The ghost of Newt the Skirmisher, a novice KoHu of Hepliaklqana (D:6)
  A gargoyle (D:7)
  An unseen horror (D:7)
  A troll (D:6)
  3 yaks (D:7)
  A basilisk (D:7)
  2 vampire mosquitoes (D:6)
  Menkaure (D:5)
  Edmund (D:5)
  3 orc warriors
  2 ice beasts
  4 black bears
  An ogre (D:5)
  A centaur (D:7)
  2 phantoms (D:5)
  A kobold brigand (D:7)
  4 bullfrogs (D:7)
  A scorpion (D:6)
  4 wights (D:6)
  A killer bee (D:8)
  3 howler monkeys
  A gnoll bouda (D:7)
  4 hounds
  A jelly (D:5)
  Crazy Yiuf (D:2)
  8 orc priests
  6 iguanas
  5 orc wizards
  Robin (D:2)
  5 adders
  11 gnolls
  3 white imps
  An ufetubus (D:6)
  A worm (D:2)
  6 dart slugs
  33 orcs
  11 endoplasms
  2 giant cockroaches
  21 goblins
  9 hobgoblins
  6 jackals
  2 quokkas
  4 ball pythons
  3 bats
  4 frilled lizards
  11 kobolds
  4 rats
208 creatures vanquished.

Notes
Turn   | Place    | Note
-------+----------+-------------------------------------------
     0 | D:1      | Darius099 the Minotaur Fighter began the quest for the Orb.
     0 | D:1      | Reached XP level 1. HP: 19/19 MP: 0/0
    61 | D:1      | Reached skill level 3 in Axes
   196 | D:1      | Reached XP level 2. HP: 26/26 MP: 1/1
   339 | D:1      | Reached skill level 4 in Axes
   504 | D:1      | Reached XP level 3. HP: 31/31 MP: 2/2
   666 | D:2      | Reached skill level 5 in Axes
   668 | D:2      | Reached XP level 4. HP: 39/39 MP: 3/3
   914 | D:2      | Noticed Robin
   920 | D:2      | Reached skill level 6 in Axes
   935 | D:2      | Killed Robin
  1317 | D:2      | Found a runed translucent door.
  1318 | D:2      | Noticed Crazy Yiuf
  1327 | D:2      | Killed Crazy Yiuf
  1328 | D:2      | Reached XP level 5. HP: 13/45 MP: 4/4
  1683 | D:3      | Reached skill level 7 in Axes
  1817 | D:3      | Reached XP level 6. HP: 16/51 MP: 5/5
  1981 | D:3      | Reached skill level 8 in Axes
  2624 | D:4      | Found a glowing silver altar of Zin.
  2624 | D:4      | Found a white marble altar of Elyvilon.
  2625 | D:4      | Found a basalt altar of Yredelemnul.
  2637 | D:4      | Noticed Pikel
  2655 | D:4      | Killed Pikel
  2656 | D:4      | Reached skill level 10 in Axes
  2656 | D:4      | Reached XP level 7. HP: 48/57 MP: 6/6
  2815 | D:4      | Reached skill level 11 in Axes
  2835 | D:4      | Reached XP level 8. HP: 59/64 MP: 7/7
  2850 | D:4      | Found a glowing golden altar of the Shining One.
  3152 | D:5      | Entered Level 5 of the Dungeon
  3170 | D:5      | Noticed Edmund
  3182 | D:5      | Killed Edmund
  3336 | D:5      | Reached skill level 12 in Axes
  3898 | D:5      | Noticed Menkaure
  3902 | D:5      | Killed Menkaure
  3903 | D:5      | Reached skill level 13 in Axes
  4252 | D:5      | Reached XP level 9. HP: 70/70 MP: 4/8
  4601 | D:6      | Reached skill level 14 in Axes
  4609 | D:6      | Found a runed translucent door.
  4611 | D:6      | Noticed Newt's ghost (novice KoHu)
  4622 | D:6      | Found a staircase to the Ecumenical Temple.
  4663 | Temple   | Entered the Ecumenical Temple
  4712 | Temple   | Became a worshipper of Warmaster Okawaru
  4918 | D:6      | Reached skill level 15 in Axes
  5473 | D:6      | Killed Newt's ghost
  5473 | D:6      | Reached * piety under Okawaru
  5480 | D:6      | Got Ereshkigal's Disquisition on the Discharge and Profane
                  | Rituals
  5639 | D:7      | Noticed a cyclops
  5652 | D:6      | Reached skill level 16 in Axes
  5756 | D:7      | Killed a cyclops
  5756 | D:7      | Reached ** piety under Okawaru
  5903 | D:7      | Reached XP level 10. HP: 74/77 MP: 4/9
  5995 | D:7      | Noticed a green ugly thing
  6013 | D:7      | Killed a green ugly thing
  6014 | D:7      | Reached skill level 17 in Axes
  6406 | D:7      | Got the Verses on Remoulded Mustering
  6410 | D:7      | Identified the +7 flail of the Burning Eel {freeze, Will+
                  | Str+2 Int+4}
  6478 | D:7      | Noticed a gargoyle
  6489 | D:7      | Killed a gargoyle
  6490 | D:7      | Reached skill level 18 in Axes
  6558 | D:7      | Reached skill level 1 in Throwing
  6558 | D:7      | Reached skill level 1 in Invocations
  6613 | D:7      | Identified the +9 sling of Conflict {elec, rF+ rC+ SInv}
  6702 | D:7      | Noticed a manticore
  6714 | D:7      | Killed a manticore
  7158 | D:8      | Noticed Amaemon
  7158 | D:8      | Noticed an orange demon
  7161 | D:8      | Noticed Gastronok
  7284 | D:7      | Reached *** piety under Okawaru
  7305 | D:8      | Killed Gastronok
  7311 | D:8      | HP: 2/77 [constriction (5)]
  7311 | D:8      | Slain by a killer bee

Illustrated notes

Levels and vault maps discovered:
D:1:      spicycebolla_arrival_ecumenical, layout_rooms
D:2:      layout_basic, chequers_serial_rivers_small_b, uniq_crazy_yiuf_cottage,
          uniq_robin
D:3:      layout_basic
D:4:      layout_loops_corners, old_standard_altar,
          gammafunk_temple_overflow_forgotten, uniq_pikel
D:5:      minmay_inner_zag, layout_basic, uniq_edmund, uniq_menkaure
D:6:      layout_basic, minmay_temple_entry_tees, ebering_ghost_reflecting_pool,
          minmay_misc_feat_columns
D:7:      minmay_the_grid_square_5x5_3x3 [minmay_the_grid_square_5x5_gyroscope,
          minmay_the_grid_square_5x5_three_small,
          minmay_the_grid_square_5x5_plus,
          minmay_the_grid_square_5x5_spiral_small,
          minmay_the_grid_square_5x5_megaprize_crossed,
          minmay_the_grid_square_5x5_checkered_sparse,
          minmay_the_grid_square_5x5_shrine2,
          minmay_the_grid_square_5x5_detours, minmay_the_grid_square_5x5_seven],
          layout_basic, kennysheep_generic_room_8
D:8:      layout_cave_pools, kennysheep_mini_moat, cheibrodos_worm_habitat,
          nzn_wu_jian_council_hall, uniq_joseph, uniq_amaemon, uniq_gastronok
Temple:   eino_wide_crystal_templ

Skill      XL: |  1  2  3  4  5  6  7  8  9 10 |
---------------+-------------------------------+-----
Axes           | 3 4 5 6 7 10 11 13 16 18 | 18.0
Throwing       | 4 |  4.7
Invocations    | 4 |  4.7
Fighting       | |  3.6
Armour         | |  3.6
Shields        | |  3.6

Action                     |  1- 3 |  4- 6 |  7- 9 | 10-12 || total
---------------------------+-------+-------+-------+-------++-------
  Melee: War axe           |    50 |   147 |    90 |   104 ||   391
         Headbutt          |     6 |    21 |    29 |    20 ||    76
         Broad axe         |       |       |    95 |       ||    95
 Invoke: Heroism           |       |       |       |     2 ||     2
    Use: Scroll            |       |     1 |     6 |     9 ||    16
         Potion            |       |       |       |     4 ||     4
 Armour: Scale mail        |    20 |    14 |       |       ||    34
         Chain mail        |       |    32 |    67 |    34 ||   133
         Plate armour      |       |       |       |    55 ||    55
  Dodge: Dodged            |    23 |    35 |    31 |    39 ||   128
  Block: Buckler           |     8 |    52 |    77 |    67 ||   204
         Reflection        |       |     2 |     4 |     5 ||    11

Table legend: (Time is in decaauts)
 A = Elapsed time spent in this place.
 B = Non-inter-level travel time spent in this place.
 C = Inter-level travel time spent in this place.
 D = Time resting spent in this place.
 E = Time spent auto-exploring this place.
 F = Levels seen in this place.
 G = Mean time per level.
                   A        B        C        D        E       F      G
               +--------+--------+--------+--------+--------+-----+--------+
         Total |   7333 |   7181 |    152 |   1830 |   3718 |   9 |  814.8 |
       Dungeon |   7276 |   7124 |    152 |   1830 |   3675 |   8 |  909.5 |
        Temple |     56 |     56 |      0 |      0 |     43 |   1 |   56.0 |
               +--------+--------+--------+--------+--------+-----+--------+

Top non-repeatable levels by time:
     D:6: 1516 daAuts
     D:5: 1418 daAuts
     D:7: 1102 daAuts
     D:2: 1030 daAuts
     D:4: 1017 daAuts
     D:1: 574 daAuts
     D:3: 571 daAuts
  Temple: 56 daAuts
     D:8: 45 daAuts
